cohdb
Replays
Latest Replays
All Replays
Popular Replays
Top Player Replays
Match Explorer
How It Works
Community
CoH3 Stats
Reddit
Sign in to upload your games and track your stats! →
Sign in with Steam
US SpecOP2v2
Match 15602009
Overview
Messages
Build Orders
End
Construct Infanterie Kompanie
Kettenkrad Recon Vehicle
MG 42 Machine Gun Team
Grenadier Squad
Grenadier Squad
Selects Mechanized Battlegroup
Selects Raid Package
Construct Luftwaffe Kompanie
Support Elements
Marder III M Tank Destroyer
Jäger Squad
AI Takeover
Scaltro
Filan323CZ
MonoChrome
[82AD] PaulVmax
0
0
Comments
sign in to comment!
No comments posted yet!